General information
- name: BNet
- type: Ladder team game (AT/RT)
- host: Battle.net
- saver: IslandMisfitToy
map: DragonFalls
- players: 8
- length: 41:28
- speed: Fast
- version: 1.27 W3XP
- replay type: Public
» download(258 KB)
Players
team 1 (loser)

»
raise (
teal | 47 APM | 401 actions | 08:36)
2 Warden
1 Shadow Strike
1 Blink
» actions
| Assign group hotkey | 11 | |
| Build / train | 26 | |
| Enter build submenu | 13 | |
| Enter hero's abilities submenu | 2 | |
| Remove unit from queue | 1 | |
| Right click | 124 | |
| Select / deselect | 150 | |
| Select group hotkey | 47 | |
| Use ability | 27 | |
401 total
» units
» upgrades
» buildings
| Moon Well | 4 | |
| Ancient of War | 2 | |
| Altar of Elders | 1 | |
| Tree of Ages | 1 | |
| Hunter's Hall | 1 | |
| Ancient of Wind | 2 | |
11 total
» build order
00:18 Moon Well
00:23 Ancient of War
00:49 Altar of Elders
01:33 Moon Well
02:15 Moon Well
02:39 Ancient of War
04:17 Tree of Ages
05:10 Hunter's Hall
06:21 Moon Well
07:12 Ancient of Wind
07:45 Ancient of Wind
238912489245 (
yellow | 64 APM | 1528 actions | 23:55)
3 Mountain King
2 Storm Bolt
1 Bash
» actions
| Assign group hotkey | 84 | |
| Basic commands | 15 | |
| Build / train | 133 | |
| ESC pressed | 1 | |
| Enter build submenu | 46 | |
| Enter hero's abilities submenu | 3 | |
| Right click | 590 | |
| Select / deselect | 247 | |
| Select group hotkey | 309 | |
| Use ability | 100 | |
1528 total
» units
| Peasant | 15 | |
| Footman | 6 | |
| Gryphon Rider | 5 | |
| Goblin Zeppelin | 4 | |
30 total
» upgrades
| Masonry | 4 | |
| Defend | 1 | |
| Swords | 1 | |
| Lumber Harvesting | 1 | |
| Armor | 1 | |
8 total
» buildings
| Barracks | 2 | |
| Altar of Kings | 1 | |
| Farm | 8 | |
| Scout Tower | 20 | |
| Lumber Mill | 1 | |
| Arcane Tower | 7 | |
| Keep | 3 | |
| Blacksmith | 1 | |
| Arcane Vault | 2 | |
| Town Hall | 1 | |
| Castle | 3 | |
| Gryphon Aviary | 2 | |
| Guard Tower | 54 | |
| Moon Well | 7 | |
112 total
» build order
00:50 Barracks
00:51 Altar of Kings
00:55 Barracks
00:57 Farm
01:05 Farm
01:34 Scout Tower
01:38 Farm
01:41 Lumber Mill
02:16 Arcane Tower
02:16 Arcane Tower
02:17 Arcane Tower
02:46 Farm
03:56 Keep
03:56 Keep
05:19 Blacksmith
05:41 Arcane Vault
06:46 Town Hall
06:48 Scout Tower
06:49 Scout Tower
06:50 Scout Tower
06:52 Scout Tower
08:17 Castle
08:18 Castle
08:21 Gryphon Aviary
08:22 Gryphon Aviary
08:29 Arcane Tower
08:30 Guard Tower
08:30 Guard Tower
09:11 Scout Tower
09:12 Scout Tower
09:12 Scout Tower
09:13 Scout Tower
09:14 Scout Tower
09:43 Guard Tower
09:43 Guard Tower
09:44 Guard Tower
09:58 Guard Tower
09:58 Guard Tower
09:58 Guard Tower
10:15 Guard Tower
10:16 Guard Tower
10:16 Guard Tower
10:17 Guard Tower
10:17 Guard Tower
10:18 Guard Tower
10:30 Guard Tower
10:31 Guard Tower
10:31 Guard Tower
11:08 Farm
11:11 Farm
11:16 Scout Tower
11:19 Scout Tower
11:20 Scout Tower
12:00 Guard Tower
12:01 Guard Tower
12:01 Guard Tower
12:01 Guard Tower
12:10 Moon Well
12:11 Moon Well
12:13 Moon Well
12:28 Guard Tower
12:28 Guard Tower
12:29 Guard Tower
12:30 Scout Tower
12:32 Scout Tower
12:45 Farm
13:12 Arcane Vault
13:53 Arcane Tower
13:53 Arcane Tower
15:07 Guard Tower
15:07 Guard Tower
15:08 Guard Tower
15:08 Guard Tower
15:10 Moon Well
15:14 Moon Well
15:16 Moon Well
15:20 Scout Tower
15:21 Scout Tower
15:24 Farm
16:03 Guard Tower
16:03 Guard Tower
16:03 Guard Tower
17:03 Guard Tower
17:16 Scout Tower
17:17 Scout Tower
17:18 Scout Tower
17:42 Moon Well
18:00 Guard Tower
18:00 Guard Tower
18:01 Guard Tower
18:01 Guard Tower
18:17 Guard Tower
18:17 Guard Tower
» items
| Scroll of Regeneration | 2 | |
| Lesser Clarity Potion | 1 | |
| Boots of Speed | 1 | |
| Scroll of Town Portal | 1 | |
| Periapt of Vitality | 1 | |
| Potion of Lesser Invulnerability | 1 | |
7 total
MOTHER-OF-DRAGN (
green | 69 APM | 2866 actions | 41:27)
6 Blademaster
3 Wind Walk
2 Critical Strike
1 Bladestorm
1 Shadow Hunter
1 Hex
» actions
| Assign group hotkey | 103 | |
| Basic commands | 46 | |
| Build / train | 82 | |
| Enter build submenu | 25 | |
| Enter hero's abilities submenu | 7 | |
| Give item / drop item | 4 | |
| Remove unit from queue | 4 | |
| Right click | 1256 | |
| Select / deselect | 322 | |
| Select group hotkey | 866 | |
| Use ability | 151 | |
2866 total
» units
| Peon | 8 | |
| Grunt | 3 | |
| Goblin Shredder | 3 | |
| Wind Rider | 7 | |
| Troll Batrider | 15 | |
| Goblin Sapper | 4 | |
| Goblin Zeppelin | 1 | |
41 total
» upgrades
| Reinforced Defenses | 1 | |
| Ranged Weapons | 1 | |
| Armor | 1 | |
| Ensnare | 1 | |
| Melee Weapons | 1 | |
| Liquid Fire | 1 | |
| Envenomed Spears | 1 | |
7 total
» buildings
| Altar of Storms | 1 | |
| Orc Burrow | 8 | |
| Barracks | 1 | |
| Voodoo Lounge | 1 | |
| Stronghold | 2 | |
| Great Hall | 3 | |
| War Mill | 1 | |
| Beastiary | 3 | |
| Fortress | 1 | |
| Watch Tower | 19 | |
40 total
» build order
00:09 Altar of Storms
00:25 Orc Burrow
00:37 Barracks
01:24 Orc Burrow
02:26 Voodoo Lounge
02:55 Stronghold
03:35 Orc Burrow
04:20 Great Hall
04:48 War Mill
06:18 Beastiary
06:19 Beastiary
06:43 Fortress
07:04 Watch Tower
07:05 Watch Tower
07:05 Watch Tower
07:12 Watch Tower
07:33 Watch Tower
07:41 Watch Tower
09:21 Orc Burrow
09:21 Orc Burrow
09:24 Orc Burrow
10:08 Watch Tower
10:08 Watch Tower
10:09 Watch Tower
10:09 Watch Tower
12:52 Orc Burrow
12:52 Orc Burrow
14:14 Watch Tower
14:15 Watch Tower
14:15 Watch Tower
16:23 Watch Tower
16:23 Watch Tower
19:09 Beastiary
24:24 Great Hall
24:41 Watch Tower
24:41 Watch Tower
24:41 Watch Tower
24:42 Watch Tower
35:19 Great Hall
» items
| Healing Salve | 3 | |
| Lesser Clarity Potion | 3 | |
| Scroll of Town Portal | 3 | |
| Boots of Speed | 2 | |
| Potion of Mana | 1 | |
| Orb of Lightning | 2 | |
| Potion of Lesser Invulnerability | 1 | |
| Staff of Teleportation | 1 | |
16 total

»
G-hostTheMost (
red | 23 APM | 726 actions | 31:39)
4 Dreadlord
2 Vampiric Aura
2 Carrion Swarm
2 Dark Ranger
1 Black Arrow
1 Silence
» actions
| Assign group hotkey | 9 | |
| Basic commands | 1 | |
| Build / train | 70 | |
| Enter build submenu | 21 | |
| Enter hero's abilities submenu | 6 | |
| Remove unit from queue | 6 | |
| Right click | 257 | |
| Select / deselect | 217 | |
| Select group hotkey | 106 | |
| Use ability | 33 | |
726 total
» units
| Acolyte | 9 | |
| Ghoul | 4 | |
| Crypt Fiend | 16 | |
| Thunder Lizard | 1 | |
| Gargoyle | 12 | |
| Frost Wyrm | 5 | |
47 total
» upgrades
| Creature Attack | 2 | |
| Creature Carapace | 2 | |
| Web | 1 | |
| Freezing Breath | 1 | |
6 total
» buildings
| Altar of Darkness | 1 | |
| Ziggurat | 9 | |
| Crypt | 2 | |
| Graveyard | 1 | |
| Halls of the Dead | 1 | |
| Black Citadel | 1 | |
| Sacrificial Pit | 1 | |
| Boneyard | 3 | |
| Spirit Tower | 1 | |
20 total
» build order
00:06 Altar of Darkness
00:09 Ziggurat
00:27 Crypt
01:12 Graveyard
01:38 Ziggurat
03:13 Crypt
04:34 Ziggurat
04:37 Ziggurat
05:11 Halls of the Dead
09:31 Ziggurat
09:34 Ziggurat
11:44 Ziggurat
11:47 Ziggurat
11:50 Ziggurat
12:34 Black Citadel
14:04 Sacrificial Pit
15:03 Boneyard
15:12 Boneyard
15:26 Boneyard
17:29 Spirit Tower
team 2 (winner)

»
Tojaro (
purple | 44 APM | 979 actions | 22:16)
4 Mountain King
2 Storm Bolt
2 Bash
3 Paladin
2 Holy Light
1 Divine Shield
» actions
| Assign group hotkey | 11 | |
| Basic commands | 49 | |
| Build / train | 54 | |
| Enter build submenu | 23 | |
| Enter hero's abilities submenu | 8 | |
| Remove unit from queue | 1 | |
| Right click | 345 | |
| Select / deselect | 238 | |
| Select group hotkey | 194 | |
| Use ability | 56 | |
979 total
» units
| Peasant | 10 | |
| Footman | 2 | |
| Rifleman | 6 | |
| Siege Engine | 4 | |
| Mortar Team | 10 | |
32 total
» upgrades
| Lumber Harvesting | 1 | |
| Barrage | 1 | |
| Plating | 1 | |
| Gunpowder | 1 | |
| Fragmentation Shards | 1 | |
| Flak Cannons | 1 | |
| Flying Machine Bombs | 1 | |
7 total
» buildings
| Altar of Kings | 1 | |
| Farm | 12 | |
| Barracks | 1 | |
| Blacksmith | 1 | |
| Lumber Mill | 1 | |
| Keep | 1 | |
| Arcane Vault | 1 | |
| Scout Tower | 2 | |
| Guard Tower | 1 | |
| Castle | 1 | |
| Workshop | 3 | |
| Town Hall | 1 | |
26 total
» build order
00:12 Altar of Kings
00:27 Farm
01:03 Barracks
01:13 Farm
01:48 Blacksmith
01:57 Farm
02:17 Lumber Mill
02:46 Farm
04:10 Farm
04:12 Keep
04:17 Arcane Vault
04:53 Scout Tower
05:00 Scout Tower
05:54 Guard Tower
06:21 Farm
07:42 Farm
08:30 Castle
08:32 Farm
09:32 Workshop
09:33 Workshop
09:36 Workshop
09:45 Farm
10:45 Farm
11:31 Farm
12:21 Farm
20:58 Town Hall
» items

»
christhormann (
orange | 66 APM | 1601 actions | 24:19)
6 Blademaster
3 Wind Walk
2 Critical Strike
1 Bladestorm
» actions
| Assign group hotkey | 24 | |
| Basic commands | 90 | |
| Build / train | 72 | |
| Enter build submenu | 18 | |
| Enter hero's abilities submenu | 6 | |
| Right click | 548 | |
| Select / deselect | 362 | |
| Select group hotkey | 398 | |
| Use ability | 83 | |
1601 total
» units
| Peon | 12 | |
| Troll Headhunter/Berserker | 24 | |
| Shaman | 4 | |
| Troll Witch Doctor | 2 | |
| Spirit Walker | 2 | |
44 total
» upgrades
| Ranged Weapons | 3 | |
| Berserker Upgrade | 1 | |
| Shaman Training | 2 | |
| Witch Doctor Training | 2 | |
| Troll Regeneration | 1 | |
| Armor | 2 | |
11 total
» buildings
| Altar of Storms | 1 | |
| Orc Burrow | 8 | |
| Voodoo Lounge | 1 | |
| War Mill | 1 | |
| Barracks | 2 | |
| Stronghold | 1 | |
| Fortress | 3 | |
| Great Hall | 2 | |
| Spirit Lodge | 2 | |
21 total
» build order
00:04 Altar of Storms
00:08 Orc Burrow
00:37 Voodoo Lounge
01:28 War Mill
02:15 Barracks
02:31 Barracks
03:13 Stronghold
03:43 Orc Burrow
04:23 Orc Burrow
05:30 Orc Burrow
06:11 Fortress
06:11 Fortress
06:11 Fortress
07:00 Great Hall
07:05 Great Hall
07:17 Spirit Lodge
07:38 Spirit Lodge
09:28 Orc Burrow
15:30 Orc Burrow
16:33 Orc Burrow
17:27 Orc Burrow
» items
| Healing Salve | 1 | |
| Lesser Clarity Potion | 1 | |
| Orb of Lightning | 1 | |
3 total
IslandMisfitToy (
pink | 57 APM | 2346 actions | 41:28)
7 Archmage
3 Summon Water Elemental
3 Brilliance Aura
1 Mass Teleport
» actions
| Assign group hotkey | 75 | |
| Basic commands | 531 | |
| Build / train | 90 | |
| Enter build submenu | 56 | |
| Enter hero's abilities submenu | 8 | |
| Give item / drop item | 6 | |
| Remove unit from queue | 8 | |
| Right click | 615 | |
| Select / deselect | 481 | |
| Select group hotkey | 223 | |
| Use ability | 253 | |
2346 total
» units
| Peasant | 12 | |
| Footman | 4 | |
| Goblin Shredder | 1 | |
| Goblin Zeppelin | 1 | |
| Gryphon Rider | 12 | |
| Green Dragon | 5 | |
35 total
» upgrades
| Masonry | 3 | |
| Storm Hammers | 1 | |
| Swords | 3 | |
| Armor | 3 | |
| Animal War Training | 1 | |
| Cloud | 1 | |
12 total
» buildings
| Altar of Kings | 1 | |
| Barracks | 1 | |
| Farm | 11 | |
| Town Hall | 3 | |
| Lumber Mill | 1 | |
| Keep | 1 | |
| Arcane Vault | 2 | |
| Scout Tower | 46 | |
| Castle | 1 | |
| Guard Tower | 8 | |
| Gryphon Aviary | 4 | |
| Blacksmith | 2 | |
81 total
» build order
00:50 Altar of Kings
00:52 Barracks
00:55 Farm
00:56 Farm
01:10 Farm
01:48 Farm
04:03 Town Hall
04:24 Lumber Mill
05:42 Keep
06:06 Arcane Vault
06:11 Scout Tower
06:12 Scout Tower
06:14 Scout Tower
06:15 Scout Tower
06:18 Scout Tower
06:19 Scout Tower
06:22 Scout Tower
06:33 Scout Tower
06:33 Scout Tower
06:34 Scout Tower
06:35 Scout Tower
06:36 Scout Tower
06:36 Scout Tower
06:36 Scout Tower
06:37 Scout Tower
06:38 Scout Tower
06:45 Scout Tower
06:46 Scout Tower
06:46 Scout Tower
06:47 Scout Tower
06:47 Scout Tower
06:47 Scout Tower
06:48 Scout Tower
06:49 Scout Tower
06:49 Scout Tower
08:08 Castle
08:10 Guard Tower
08:30 Guard Tower
09:03 Guard Tower
09:22 Scout Tower
09:23 Scout Tower
09:24 Scout Tower
09:26 Scout Tower
09:30 Scout Tower
09:30 Scout Tower
09:31 Scout Tower
09:32 Scout Tower
10:33 Guard Tower
10:56 Gryphon Aviary
10:56 Gryphon Aviary
10:57 Gryphon Aviary
10:58 Gryphon Aviary
11:05 Blacksmith
11:06 Blacksmith
11:12 Farm
11:14 Farm
11:15 Farm
15:53 Arcane Vault
16:07 Farm
16:09 Farm
16:10 Farm
16:11 Farm
17:26 Scout Tower
17:27 Scout Tower
17:28 Scout Tower
17:29 Scout Tower
17:30 Scout Tower
17:30 Scout Tower
17:31 Scout Tower
17:31 Scout Tower
17:33 Scout Tower
17:33 Scout Tower
18:43 Guard Tower
18:46 Guard Tower
18:48 Guard Tower
20:14 Guard Tower
31:22 Town Hall
34:44 Town Hall
» items
| Scroll of Regeneration | 6 | |
| Mechanical Critter | 2 | |
| Scroll of Town Portal | 6 | |
| Periapt of Vitality | 2 | |
| Potion of Lesser Invulnerability | 2 | |
| Staff of Teleportation | 1 | |
| Potion of Healing | 5 | |
24 total
4syouknow (
blue | 146 APM | 6051 actions | 41:27)
4 Archmage
2 Summon Water Elemental
2 Brilliance Aura
3 Mountain King
2 Storm Bolt
1 Bash
3 Paladin
2 Holy Light
1 Divine Shield
» actions
| Assign group hotkey | 117 | |
| Basic commands | 230 | |
| Build / train | 189 | |
| Enter build submenu | 61 | |
| Enter hero's abilities submenu | 12 | |
| Give item / drop item | 4 | |
| Remove unit from queue | 9 | |
| Right click | 2601 | |
| Select / deselect | 686 | |
| Select group hotkey | 1859 | |
| Use ability | 283 | |
6051 total
» units
| Peasant | 17 | |
| Footman | 7 | |
| Goblin Shredder | 6 | |
| Goblin Zeppelin | 2 | |
| Gryphon Rider | 5 | |
| Dragonhawk Rider | -1 | |
| Flying Machine | 7 | |
| Siege Engine | 4 | |
| Peon | 2 | |
| Raider | 6 | |
55 total
» upgrades
| Defend | 1 | |
| Lumber Harvesting | 2 | |
| Animal War Training | 1 | |
| Storm Hammers | 1 | |
| Swords | 1 | |
| Cloud | 1 | |
| Armor | 1 | |
| Masonry | 1 | |
| Backpack | 1 | |
10 total
» buildings
| Altar of Kings | 1 | |
| Barracks | 1 | |
| Farm | 10 | |
| Scout Tower | 15 | |
| Arcane Tower | 6 | |
| Arcane Vault | 1 | |
| Town Hall | 3 | |
| Keep | 1 | |
| Lumber Mill | 1 | |
| Blacksmith | 1 | |
| Castle | 3 | |
| Guard Tower | 22 | |
| Gryphon Aviary | 2 | |
| Orc Burrow | 5 | |
| Great Hall | 1 | |
| Stronghold | 1 | |
| Beastiary | 14 | |
88 total
» build order
00:19 Altar of Kings
00:33 Barracks
00:39 Farm
00:52 Farm
01:49 Farm
02:02 Scout Tower
02:31 Arcane Tower
03:47 Arcane Vault
04:13 Scout Tower
04:31 Town Hall
05:48 Keep
05:56 Scout Tower
05:58 Farm
06:03 Lumber Mill
06:07 Arcane Tower
06:07 Arcane Tower
06:26 Farm
07:33 Scout Tower
07:36 Blacksmith
08:21 Castle
08:22 Castle
08:23 Scout Tower
09:00 Guard Tower
09:59 Farm
10:18 Arcane Tower
10:19 Arcane Tower
10:27 Farm
10:29 Farm
11:21 Gryphon Aviary
12:00 Gryphon Aviary
15:12 Farm
15:56 Scout Tower
15:56 Scout Tower
15:57 Scout Tower
16:41 Scout Tower
16:42 Scout Tower
16:45 Town Hall
17:51 Guard Tower
17:52 Guard Tower
18:05 Scout Tower
18:06 Scout Tower
18:07 Scout Tower
18:34 Scout Tower
18:35 Scout Tower
18:36 Guard Tower
19:37 Town Hall
19:38 Guard Tower
19:38 Guard Tower
19:44 Guard Tower
20:31 Guard Tower
20:31 Guard Tower
20:31 Guard Tower
20:31 Guard Tower
20:34 Guard Tower
20:34 Guard Tower
20:35 Guard Tower
20:36 Guard Tower
20:37 Guard Tower
29:51 Orc Burrow
29:52 Orc Burrow
29:55 Great Hall
29:56 Stronghold
30:19 Orc Burrow
30:22 Orc Burrow
30:45 Orc Burrow
32:19 Beastiary
32:21 Beastiary
32:22 Beastiary
32:45 Beastiary
32:46 Beastiary
32:48 Beastiary
32:52 Beastiary
33:13 Beastiary
33:14 Beastiary
33:26 Beastiary
33:31 Beastiary
33:39 Beastiary
33:41 Beastiary
33:43 Beastiary
» items
| Scroll of Regeneration | 11 | |
| Lesser Clarity Potion | 10 | |
| Boots of Speed | 2 | |
| Scroll of Healing | 2 | |
| Potion of Healing | 2 | |
| Scroll of Town Portal | 3 | |
| Potion of Lesser Invulnerability | 3 | |
| Dust of Appearance | 3 | |
| Staff of Sanctuary | 2 | |
| Orb of Fire | 4 | |
| Ivory Tower | 6 | |
48 total
Chat log
(00:14 / Allies) christhormann: yo purp
(00:16 / Allies) christhormann: lets hh/rush
(00:28 / Allies) Tojaro: k
(00:58 / Allies) IslandMisfitToy: I'm cc
(07:52 / All) 238912489245: fucking faggot
(07:55 / All) christhormann: LOL
(08:10 / All) 238912489245: Teal is a fucking retard
(08:12 / All) 238912489245: led them to my creeps
(08:17 / All) 238912489245: I'm going to shit down you and teal's throats
(08:27 / All) 238912489245: fucking retarded noob elf trash
(08:32 / Allies) IslandMisfitToy: lumber?
(10:25 / All) 238912489245: That has to be one of the stupidest players I've ever seen
(10:28 / All) 238912489245: his dumbass left when I said I was tking
(10:32 / All) christhormann: shut up
(10:38 / All) 238912489245: Eat my shit faggot
(10:42 / All) 238912489245: you got lucky, you suck ass
(10:52 / All) 238912489245: you're gonna lose
(10:58 / All) 238912489245: leave now and make it easy on yourself like teal
(11:02 / All) 238912489245: and spare yourself the rape
(11:29 / Allies) IslandMisfitToy: going griffs
(11:55 / All) MOTHER-OF-DRAGN: did u seriously just fucking attack ur mk like a try hard
(12:15 / All) 4syouknow: i didnt try shit faggot
(12:17 / All) 4syouknow: i did it
(12:23 / All) MOTHER-OF-DRAGN: only try hards do that
(12:26 / All) 238912489245: You faggots lose get out
(12:29 / All) 4syouknow: only faggots say that
(12:34 / All) MOTHER-OF-DRAGN: and why so mad you have to say insults like that
(12:39 / Allies) IslandMisfitToy: lumber plz
(12:44 / All) 4syouknow: you talk like a nigger
(13:04 / All) MOTHER-OF-DRAGN: because only try hards do that in 4v4
(13:14 / All) 4syouknow: pathetic
(13:17 / Allies) IslandMisfitToy: get your own trees
(13:19 / All) 238912489245: out
(13:23 / Allies) 4syouknow: you cut down mine bitch
(13:28 / Allies) 4syouknow: like i didnt notice
(13:29 / Allies) IslandMisfitToy: that's middle
(13:32 / All) 238912489245: out
(13:35 / Allies) 4syouknow: idgaf
(13:35 / Allies) IslandMisfitToy: you started on my side of the middle first
(13:40 / All) 238912489245: you aren't getting my base
(13:41 / Allies) 4syouknow: stfu liar
(13:42 / Allies) IslandMisfitToy: those aren't yours when they're between us
(13:45 / Allies) IslandMisfitToy: fucking watch replay
(13:47 / All) MOTHER-OF-DRAGN: ur gonna lose so why talk shit blue
(13:49 / Allies) IslandMisfitToy: faggot
(14:01 / Allies) IslandMisfitToy: queer
(14:09 / All) 238912489245: red sucks as bad as orange and teal
(14:15 / All) 238912489245: retard doesn't know how to tp
(14:15 / All) christhormann: thanks for the win lol
(14:18 / All) 238912489245: you lose
(14:20 / All) 238912489245: kill yourself
(14:24 / All) christhormann: im winning
(14:28 / All) 238912489245: thanks for the win on my 0-0 account, 1-0 now
(14:31 / All) 238912489245: nope you lost from the start
(14:36 / All) 238912489245: when you matched a game with me
(15:15 / Allies) Tojaro: gold pink????
(15:26 / Allies) IslandMisfitToy: lumber
(15:52 / Allies) Tojaro: ????
(15:59 / Allies) IslandMisfitToy: hang on
(16:01 / All) 238912489245: retard forgetting tanks
(16:48 / All) christhormann: ??
(16:50 / All) 238912489245: jesus fucking christ
(16:52 / All) 238912489245: I tped
(16:56 / All) 238912489245: and 500 ms built in latency
(16:56 / All) christhormann: nice tp bro
(17:01 / All) 238912489245: yeah thanks faggot
(17:05 / All) 238912489245: You lose anyway, get out
(18:13 / All) christhormann: bye
(18:15 / All) 238912489245: out
(18:43 / All) christhormann: leave my game
(18:53 / All) 238912489245: Leave mine first faggot
(18:55 / All) 238912489245: you lose
(19:06 / All) christhormann: id say gg but this was way too easy lol
(19:12 / All) 238912489245: you lose
(19:28 / All) MOTHER-OF-DRAGN: that actually cost u the game blue
(19:43 / Allies) Tojaro: lol y pink
(19:49 / All) christhormann: oh gotcha, you got a friend LOL
(19:52 / All) 238912489245: out
(19:54 / All) christhormann: cant win on ur own ROFL
(19:57 / All) 238912489245: If I was in the zone this game I'd rape you any day
(20:00 / All) 238912489245: I'll rape you 1v1 any time
(20:01 / All) christhormann: HAHAHAHAHAHA
(20:02 / All) 238912489245: 1v1 after faggot?
(20:04 / All) christhormann: sure
(20:06 / All) christhormann: lets go
(20:10 / All) christhormann: fucking shitter LOL
(20:12 / All) 238912489245: you suck ass
(20:18 / All) christhormann: k lets go
(20:20 / All) 238912489245: fucking 2-2, barely 50%
(20:25 / All) 238912489245: and below it now
(20:32 / All) 238912489245: you leave and I'll leave and rape you
(20:41 / All) 238912489245: but you won't will you, you care too much about your record
(20:46 / All) christhormann: on my 4 game acct
(20:47 / All) christhormann: ye
(20:48 / All) christhormann: LOL
(21:24 / All) MOTHER-OF-DRAGN: oh blue
(21:36 / All) MOTHER-OF-DRAGN: blue mad
(22:22 / All) MOTHER-OF-DRAGN: out blue
(22:30 / All) MOTHER-OF-DRAGN: cry baby
(22:58 / Allies) IslandMisfitToy: nice one pussy
(24:17 / All) christhormann: k lets 1v1
(24:56 / All) MOTHER-OF-DRAGN: this is what u get for insulting people blue
(25:43 / All) MOTHER-OF-DRAGN: i know u are 100% mad right now blue
(25:49 / All) MOTHER-OF-DRAGN: cuzu would be talking shit if u "won"
(29:09 / All) MOTHER-OF-DRAGN: and trust me blue, i will rewatch replay and confirm you never went afk; i know you're still here
(29:16 / Allies) IslandMisfitToy: raped pussy
(29:16 / Allies) IslandMisfitToy: lol
(29:24 / Allies) IslandMisfitToy: cunt
(29:58 / All) IslandMisfitToy: he tried to use purple and orange agaisnt me
(30:27 / All) IslandMisfitToy: he had his shreddar on my side of the mid trees
(30:34 / All) IslandMisfitToy: then when I did it to him he got mad lol
(30:44 / All) IslandMisfitToy: and went to the trees in my base
(30:50 / All) MOTHER-OF-DRAGN: i didnt even see wha thappened to rod lawl
(30:52 / All) MOTHER-OF-DRAGN: he sounded mad
(30:52 / All) G-hostTheMost: green is killing my base also
(31:13 / All) G-hostTheMost: fucking faggots i swear
(32:31 / All) MOTHER-OF-DRAGN: i called out blue for killing his own hero to prevent me getting exp; only us or tryhards do that in 4s
(33:25 / All) IslandMisfitToy: there's no quit in this tard lol
(34:23 / All) MOTHER-OF-DRAGN: i know 100% blue is pissed lawl
(34:25 / Allies) IslandMisfitToy: you got raped pussy
(34:28 / Allies) IslandMisfitToy: mad?
(34:42 / Allies) 4syouknow: its cute
(34:44 / Allies) 4syouknow: you think you beat me
(34:48 / Allies) IslandMisfitToy: I did beat you
(34:49 / Allies) IslandMisfitToy: ez
(34:52 / Allies) 4syouknow: either way though i win
(34:54 / Allies) IslandMisfitToy: you're trash
(34:54 / Allies) 4syouknow: if you win
(34:56 / Allies) IslandMisfitToy: no you don't lol
(34:57 / Allies) 4syouknow: i get a free win
(34:57 / Allies) IslandMisfitToy: you lost
(34:58 / Allies) 4syouknow: if not
(34:59 / Allies) 4syouknow: i win too
(35:08 / Allies) 4syouknow: however you want champ
(35:11 / Allies) IslandMisfitToy: I'm killing all our buildings
(35:12 / Allies) IslandMisfitToy: so you lose
(35:14 / Allies) IslandMisfitToy: green is my friend
(35:17 / Allies) 4syouknow: lol pathetic
(35:22 / Allies) 4syouknow: either way i win
(35:25 / Allies) 4syouknow: :)
(35:30 / Allies) IslandMisfitToy: nah you lost homeboy
(35:37 / Allies) 4syouknow: the fact that you would just lay down like that
(35:39 / Allies) 4syouknow: says a lot
(35:43 / Allies) IslandMisfitToy: his team left dummy
(35:45 / Allies) IslandMisfitToy: we're both 0-0
(36:21 / All) IslandMisfitToy: blue iis trying them reverse psychologies on me
(36:30 / All) IslandMisfitToy: them psychological whatchamacallems
(36:36 / All) MOTHER-OF-DRAGN: lawl
(36:44 / Allies) 4syouknow: thank you so much for that
(36:51 / All) MOTHER-OF-DRAGN: 10 bux pay pal he breaks his monitor soon
(36:58 / All) IslandMisfitToy: 54-61 pitiful
(37:08 / All) 4syouknow: we can 1v1
(37:11 / All) 4syouknow: but you'
(37:14 / All) 4syouknow: ll run
(37:16 / All) MOTHER-OF-DRAGN: it speaks
(37:16 / All) 4syouknow: like a bitch
(37:21 / All) IslandMisfitToy: I already beat you 1v1
(37:23 / All) IslandMisfitToy: lol
(37:24 / All) IslandMisfitToy: ez
(37:26 / All) 4syouknow: see
(37:30 / All) 4syouknow: thats why I like you so much
(37:31 / All) IslandMisfitToy: I'm 1-0 against you
(37:35 / All) 4syouknow: youre ignorance speaks volumes
(37:41 / All) IslandMisfitToy: you are ignorance
(37:45 / All) 4syouknow: no need to try to hide who you are
(37:52 / All) IslandMisfitToy: how am I ignorance and how do I speak volumes
(37:52 / All) 4syouknow: good dog
(37:54 / All) 4syouknow: lay down
(39:14 / All) IslandMisfitToy: 54-61 PITIFUL TREE THIEF
(40:08 / Allies) IslandMisfitToy: 0 dragons
(40:09 / Allies) IslandMisfitToy: me 3
(40:15 / Allies) IslandMisfitToy: owned
(40:40 / All) MOTHER-OF-DRAGN: end dis shit, baby back blue has to watch dora the explorer
(40:52 / Allies) IslandMisfitToy: how mad you are?
(41:03 / Allies) IslandMisfitToy: couldn't even beat me with orange and purples units
(41:07 / Allies) IslandMisfitToy: flat out owned
(41:17 / Allies) IslandMisfitToy: I run this game, no discussion.